 Dungeon Crawl Stone Soup version 0.28-a0-1365-g7e0445c96d (webtiles) character file.

Game seed: 15446307377903510874

140 Lekart the Chopper (level 5, -12/46 HPs)
             Began as a Draconian Chaos Knight on Dec 31, 2021.
             Was a Plaything of Xom.
             Mangled by Natasha (13 damage)
             ... on level 3 of the Dungeon.
             The game lasted 00:03:23 (2237 turns).

Lekart the Chopper (Draconian Chaos Knight)         Turns: 2237, Time: 00:03:24

Health: -12/46     AC:  7    Str: 21    XL:     5   Next: 2%
Magic:  5/5        EV: 12    Int: 12    God:    Xom [.....*]
Gold:   96         SH:  0    Dex: 12    Spells: 4/4 levels left

rFire   . . .      SeeInvis .   a - +0 hand axe (chaos)
rCold   . . .      Faith    .   (no shield)
rNeg    . . .      Spirit   .   (armour unavailable)
rPois   .          Reflect  .   (helmet restricted)
rElec   .          Harm     .   c - +1 cloak
rCorr   .          Rampage  .   (no gloves)
Will    .....                   (no boots)
Stlth   ++........              (no amulet)
HPRegen 0.15/turn               d - +6 ring of strength
MPRegen 0.09/turn               (no ring)

@: slowed, very slow
A: AC +5, unfitting armour, cold-blooded
a: Renounce Religion


You were on level 3 of the Dungeon.
You worshipped Xom.
You were Xom's teddy bear.
You visited 1 branch of the dungeon, and saw 3 of its levels.

You collected 96 gold pieces.

Inventory:

Hand Weapons
 a - a +0 hand axe of chaos (weapon)
Armour
 c - a +1 cloak (worn)
Jewellery
 d - a +6 ring of strength (left hand)
 g - a +6 ring of strength
Scrolls
 e - a scroll of enchant armour {unknown}
 i - a scroll of identify {unknown}
Potions
 b - a potion of resistance {unknown}
 f - a potion of mutation {unknown}
 h - a potion of curing {unknown}


   Skills:
 + Level 4.1 Fighting
 + Level 4.3 Axes
 + Level 3.1 Dodging
 + Level 1.1 Stealth


You had 4 spell levels left.
You didn't know any spells.
Your spell library contained the following spells:

 Spells                   Type           Power      Damage    Failure   Level
 Slow                     Hex            0%         N/A       32%         1
 Summon Small Mammal      Summ           0%         N/A       32%         1
 Call Canine Familiar     Summ           0%         N/A       69%         3
 Confusing Touch          Hex            0%         N/A       69%         3
 Summon Guardian Golem    Hex/Summ       0%         N/A       69%         3
 Vampiric Draining        Necr           0%         2d6       69%         3


Dungeon Overview and Level Annotations

Branches:
Dungeon (3/15)

Altars:

Shops:
D:2 [

Annotations:
D:3 Natasha


Innate Abilities, Weirdness & Mutations

Your plain brown scales are hard. (AC +5)
You cannot fit into any form of body armour.
You are cold-blooded and may be slowed by cold attacks.


Message History

You barely miss the shadow imp.
The shadow imp is lightly wounded.
You closely miss the shadow imp. You closely miss something.
Something claws you but does no damage. The shadow imp closely misses you. x2
Something claws you.
The shadow imp hits you but does no damage.
You hit the shadow imp.
The shadow imp is moderately wounded.
You closely miss the shadow imp. You closely miss something.
The shadow imp hits you but does no damage.
Something claws you but does no damage.
The shadow imp hits you but does no damage.
The shadow imp closely misses you. Something claws you but does no damage.
You completely miss the shadow imp. You tail-slap the shadow imp.
The shadow imp is almost dead.
You barely miss the shadow imp. You hit something. You freeze something.
The shadow imp gestures at you. Pain shoots through your body!
The shadow imp barely misses you. Something claws you.
The shadow imp hits you but does no damage.
The shadow imp hits you.
You are too injured to fight recklessly!
You are too injured to fight recklessly!
You hit something. You freeze something. You hit the shadow imp.
The shadow imp's magic leaks into the air.
You closely miss the shadow imp. Something claws you.
The shadow imp closely misses you. The shadow imp gestures at you.
Pain shoots through your body!
* * * LOW HITPOINT WARNING * * *
Something claws you but does no damage. The shadow imp gestures at you.
Pain shoots through your body!
* * * LOW HITPOINT WARNING * * *
You hit something.
Nothing appears to happen.
Your tail-slap misses something.
You hit the shadow imp. x2
The shadow imp's magic is no longer disrupted.
The shadow imp barely misses you. Something claws you!
You die...
Xom is highly amused!

#.#.# #.#.#.##.
#†#.###..............
#.#.........##....#.###
#...........##........
#######.#...##....#.###
###.#...##.#......?
#..................
#..#.#.##..##5.5.#....
...............@{......
........##..##.#!.#..##
##..#.#.##..##.#.....
........##..#..........
.......................
............#..#.###...
..........##.<#.# ..#
................ ..


You could see 2 shadow imps.

Vanquished Creatures
  An iguana (D:3)
  5 adders
  2 worms (D:2)
  A dart slug (D:1)
  2 orcs (D:3)
  5 bats
  An endoplasm (D:1)
  3 giant cockroaches
  11 goblins
  5 hobgoblins
  6 kobolds
  A quokka (D:1)
  7 ball pythons
  A frilled lizard (D:2)
  7 rats
58 creatures vanquished.

Vanquished Creatures (others)
  2 demonic plants (D:2)
  3 plants (D:2)
5 creatures vanquished.

Grand Total: 63 creatures vanquished

Notes
Turn   | Place    | Note
-------+----------+-------------------------------------------
     0 | D:1      | Lekart the Draconian Chaos Knight began the quest for the
                  | Orb.
     0 | D:1      | Reached XP level 1. HP: 19/19 MP: 1/1
    78 | D:1      | XOM: silly message
   148 | D:1      | Reached XP level 2. HP: 21/26 MP: 2/2
   187 | D:1      | XOM: divination: magic mapping
   562 | D:1      | XOM: silly message
   773 | D:1      | Reached XP level 3. HP: 33/33 MP: 3/3
  1092 | D:2      | Found Damo's Armour Shoppe.
  1285 | D:2      | XOM: enchant monster (good)
  1297 | D:2      | Reached XP level 4. HP: 37/40 MP: 4/4
  1417 | D:2      | Found a faded altar of an unknown god.
  1417 | D:2      | Noticed a hellwing
  1516 | D:2      | XOM: 6-stop teleportation journey
  1952 | D:3      | XOM: 3-stop teleportation journey
  1983 | D:3      | Reached skill level 1 in Stealth
  2157 | D:3      | Reached XP level 5. HP: 44/46 MP: 5/5
  2224 | D:3      | Noticed Natasha
  2232 | D:3      | XOM: potion effect (heal wounds)
  2236 | D:3      | HP: 1/46 [shadow imp/nerve-wracking pain[Natasha] (8)]
  2237 | D:3      | Mangled by Natasha

Illustrated notes

Levels and vault maps discovered:
D:1:      scummos_arrival_simple_fountains, layout_loops_ring,
          minmay_statues_item, minmay_3d_cube
D:2:      wad_lake_hut, layout_basic, dreamdust_ecumenical_altar_sealed_demon,
          serial_shops, nicolae_square_shop
D:3:      layout_basic, uniq_natasha

Skill      XL: |  1  2  3  4 |
---------------+-------------+-----
Fighting       | 4 |  4.1
Axes           | 4 |  4.3
Dodging        | 3 |  3.1
Stealth        | 1 |  1.1

Action                   |  1- 3 |  4- 6 || total
-------------------------+-------+-------++-------
Melee: Hand axe          |   113 |    84 ||   197
       Tailslap          |    16 |     9 ||    25
 Stab: Petrified         |     4 |       ||     4
       Sleeping          |     1 |     1 ||     2
Armor: Skin              |    34 |    46 ||    80
Dodge: Dodged            |    64 |    51 ||   115

Table legend: (Time is in decaauts)
 A = Elapsed time spent in this place.
 B = Non-inter-level travel time spent in this place.
 C = Inter-level travel time spent in this place.
 D = Time resting spent in this place.
 E = Time spent auto-exploring this place.
 F = Levels seen in this place.
 G = Mean time per level.
                   A        B        C        D        E       F      G
               +--------+--------+--------+--------+--------+-----+--------+
         Total |   2292 |   2243 |     49 |      0 |   1761 |   3 |  764.0 |
       Dungeon |   2292 |   2243 |     49 |      0 |   1761 |   3 |  764.0 |
               +--------+--------+--------+--------+--------+-----+--------+

Top non-repeatable levels by time:
     D:2: 1124 daAuts
     D:1: 824 daAuts
     D:3: 344 daAuts
